 Dungeon Crawl Stone Soup version 0.30-a0-417-gc767529 (webtiles) character file.

Game seed: 11423051670864613369

109 PurpleRed the Magician (level 4, -1/25 HPs)
             Began as a Deep Elf Reaver on Dec 8, 2022.
             Slain by a river rat (7 damage)
             ... in a sewer.
             The game lasted 00:08:24 (1061 turns).

PurpleRed the Magician (Deep Elf Reaver)            Turns: 1061, Time: 00:08:25

Health: -1/25      AC:  3    Str:  9    XL:     4   Next: 59%
Magic:  5/13       EV: 12    Int: 20    God:
Gold:   116        SH:  0    Dex: 13    Spells: 7/13 levels left

rFire   . . .      SeeInvis .    m - +2 dagger (freeze)
rCold   . . .      Faith    .    (no shield)
rNeg    . . .      Spirit   .    b - +0 leather armour
rPois   .          Reflect  .    (no helmet)
rElec   .          Harm     .    (no cloak)
rCorr   .          Rampage  .    (no gloves)
Will    .....                    (no boots)
Stlth   +.........               h - amulet of the acrobat
HPRegen 0.24/turn                (no ring)
MPRegen 0.13/turn                (no ring)

@: no status effects
A: no striking features
a: no special abilities


You were in a sewer.
You visited 1 branch of the dungeon, and saw 4 of its levels.
You also visited: Sewer.

You collected 116 gold pieces.

Inventory:

Hand Weapons
 a - a +1 short sword
 i - a +0 sling
 m - a +2 dagger of freezing (weapon)
Missiles
 c - 8 poisoned darts
 k - a throwing net
Armour
 b - a +0 leather armour (worn)
 e - a +0 robe
 o - a +0 ring mail
Jewellery
 h - an amulet of the acrobat (around neck)
Wands
 g - a wand of polymorph (10)
Scrolls
 d - a scroll of teleportation
 f - a scroll of vulnerability
Potions
 n - a potion of might {unknown}
 p - a potion of resistance {unknown}


   Skills:
 - Level 1.5 Fighting
 - Level 3.0 Short Blades
 - Level 2.4 Dodging
 + Level 5.1 Spellcasting
 + Level 4.8 Conjurations


You had 7 spell levels left.
You knew the following spells:

 Your Spells              Type           Power      Damage    Failure   Level
a - Kiss of Death         Conj/Necr      56%        2d9       6%          1
b - Momentum Strike       Conj/Tloc      28%        3d8       9%          2
c - Hailstorm             Conj/Ice       14%        3d5       19%         3

Your spell library contained the following spells:

 Spells                   Type           Power      Damage    Failure   Level


Dungeon Overview and Level Annotations

Branches:
Dungeon (4/15)              Sewer (1/1)
 Temple: D:4-7

Altars:

Annotations:
D:4 Pikel


Message History

A rat, a frilled lizard and 2 river rats come into view.
Casting: Momentum Strike (safe; 9% risk of failure)
Confirm with . or Enter, or press ? or * to list all spells.
Aiming: Momentum Strike (safe; 9% risk of failure)
Press: ? - help, Dir - move target, f - river rat
Aim: a river rat (68% to hit)
The concentrated momentum hits the river rat!
You are unable to move.
You closely miss the river rat.
The river rat is almost dead.
The river rat barely misses you.
You hit the river rat but do no damage.
The river rat is almost dead.
The river rat bites you.
Casting: Momentum Strike (safe; 9% risk of failure)
Confirm with . or Enter, or press ? or * to list all spells.
The spell is extremely dangerous to miscast (19% risk of failure)!
Continue anyway?
Casting: Hailstorm (extremely dangerous; 19% risk of failure)
Press: ? - help, Dir - look around, f - activate You miscast Hailstorm.
You are very lightly contaminated with residual magic.
You are caught in a violent explosion.
The river rat bites you!
Casting: Hailstorm (extremely dangerous; 19% risk of failure)
Confirm with . or Enter, or press ? or * to list all spells.
The spell is extremely dangerous to miscast (19% risk of failure)!
Continue anyway?
Casting: Hailstorm (extremely dangerous; 19% risk of failure)
Press: ? - help, Dir - look around, f - activate You miscast Hailstorm.
The air around you crackles with energy!
* * * LOW HITPOINT WARNING * * *
The frilled lizard barely misses you. The river rat closely misses you.
You feel better.
You are no longer robbed of momentum.
The river rat closely misses you. x2; The frilled lizard misses you.
Unknown command.
Okay, then.
It was a potion of cancellation.
You feel magically purged.
Your magical contamination has completely faded away.
The river rat misses you. The river rat bites you!
You die...

##### ##..∩# ##### ##
#∩.†#####..######...## ####
.######†..##.†#####......###..###
...#####.......##...............#
.....##.........................#
................................)
.......................~..~~~~~.#
......~................~~~~~~~~~#
~~~~~~~~~~.~...r@r.†~~~~~≈≈≈≈≈≈≈#
≈≈≈≈≈≈≈≈≈~~.~.~l.r~~~~≈≈≈≈≈≈≈≈≈≈#
≈≈≈≈≈≈≈≈≈≈~~~~~~r~~≈≈≈≈≈≈≈≈≈≈≈≈≈≈
≈≈≈≈≈≈≈≈~~~~~~~~~~~~~≈≈≈≈≈≈≈≈≈≈≈#
≈~~~~~~~~~.~..~.....~~~~~~≈≈≈≈≈≈≈
~~ ..........~~~.~.~~~~≈≈
.........##......##~~
........####......# .......
.......


You could see 3 river rats, a frilled lizard and a rat.

Vanquished Creatures
  A kobold brigand (Sewer)
  An orc wizard (D:3)
  2 adders (D:2)
  An orc (D:2)
  3 bats (D:2)
  A giant cockroach (D:2)
  2 goblins (D:1)
  3 hobgoblins
  3 ball pythons
  A frilled lizard (D:1)
  8 kobolds
  13 rats
39 creatures vanquished.

Vanquished Creatures (others)
  2 hounds (D:4)
  3 adders
  An orc (D:2)
  An endoplasm (D:1)
  2 kobolds
  A quokka (D:3)
10 creatures vanquished.

Grand Total: 49 creatures vanquished

Notes
Turn   | Place    | Note
-------+----------+-------------------------------------------
     0 | D:1      | PurpleRed the Deep Elf Reaver began the quest for the Orb.
     0 | D:1      | Reached XP level 1. HP: 12/12 MP: 6/6
   181 | D:2      | Reached XP level 2. HP: 14/16 MP: 5/8
   190 | D:2      | Learned a level 2 spell: Momentum Strike
   481 | D:3      | Reached skill level 4 in Spellcasting
   603 | D:2      | Reached XP level 3. HP: 6/20 MP: 5/10
   821 | D:4      | Learned a level 3 spell: Hailstorm
   834 | D:4      | Noticed Pikel
   841 | D:4      | Noticed a lemure
   841 | D:4      | Noticed a lemure
   854 | D:4      | Found a glowing drain.
   858 | D:4      | Noticed a phantom
   863 | Sewer    | Entered a sewer
   913 | Sewer    | Noticed a kobold brigand
   924 | Sewer    | Killed a kobold brigand
   925 | Sewer    | Reached skill level 5 in Spellcasting
   925 | Sewer    | Reached XP level 4. HP: 7/25 MP: 3/13
  1059 | Sewer    | HP: 1/25 [something (8)]
  1061 | Sewer    | Slain by a river rat

Illustrated notes

Levels and vault maps discovered:
D:1:      nicolae_arrival_washed_ashore, layout_basic, minmay_pentomino_q2
D:2:      layout_loops_ring, minmay_misc_feat_more_columns, cheibrodos_gnoll_hut
D:3:      layout_basic, lemuel_round_altar, minmay_starry_boxes
D:4:      layout_loops_ring, bloody_makhleb, minitemple,
          gammafunk_ghost_mausoleum, cheibrodos_sewer_entry_drain,
          dk_noncrumbling_3, uniq_pikel
Sewer:    sewer_minmay_treatment

Skill      XL: |  1  2  3 |
---------------+----------+-----
Spellcasting   | 4 5 |  5.1
Conjurations   | 4 |  4.8
Fighting       | |  1.5
Short Blades   | |  3.0
Dodging        | |  2.4

Action                   |  1- 3 |  4- 6 || total
-------------------------+-------+-------++-------
Melee: Short sword       |   116 |     8 ||   124
       Punch             |     1 |       ||     1
       Dagger            |       |    11 ||    11
 Cast: Kiss of Death     |     3 |       ||     3
       Momentum Strike   |    15 |     3 ||    18
       Hailstorm         |     1 |     1 ||     2
  Use: Scroll            |     6 |       ||     6
       Potion            |       |     2 ||     2
Armor: Leather armour    |    21 |     1 ||    22
Dodge: Dodged            |    85 |    20 ||   105

Table legend: (Time is in decaauts)
 A = Elapsed time spent in this place.
 B = Non-inter-level travel time spent in this place.
 C = Inter-level travel time spent in this place.
 D = Time resting spent in this place.
 E = Time spent auto-exploring this place.
 F = Levels seen in this place.
 G = Mean time per level.
                   A        B        C        D        E       F      G
               +--------+--------+--------+--------+--------+-----+--------+
         Total |   1046 |   1046 |      0 |     88 |      0 |   5 |  209.2 |
       Dungeon |    849 |    849 |      0 |     88 |      0 |   4 |  212.2 |
         Sewer |    196 |    196 |      0 |      0 |      0 |   1 |  196.0 |
               +--------+--------+--------+--------+--------+-----+--------+

Top non-repeatable levels by time:
     D:2: 371 daAuts
     D:3: 210 daAuts
   Sewer: 196 daAuts
     D:1: 188 daAuts
     D:4: 79 daAuts
